 Dungeon Crawl Stone Soup version 0.20.0-7-g3b7b877 (webtiles) character file.

93 Mesmaeker13 the Charmwright (level 4, -7/33 HPs)
             Began as a Human Skald on May 29, 2017.
             Blown up by Ijyb (18 damage)
             ... with a wand of disintegration (?/24)
             ... on level 3 of the Dungeon.
             The game lasted 00:03:41 (2095 turns).

Mesmaeker13 the Charmwright (Human Skald)           Turns: 2095, Time: 00:03:42

Health: -7/33      AC:  6    Str: 11    XL:     4   Next: 92%
Magic:  7/7        EV: 12    Int: 15    God:
Gold:   74         SH:  0    Dex: 12    Spells: 4/7 levels left

rFire    . . .     SeeInvis .   a - +0 spear
rCold    . . .     Gourm    .   (no shield)
rNeg     . . .     Faith    .   b - +0 leather armour
rPois    +         Spirit   .   k - +2 hat
rElec    .         Reflect  .   (no cloak)
rCorr    .         Harm     .   r - +0 pair of gloves
MR       .....                  (no boots)
Stlth    +.........             (no amulet)
Regen    0.2/turn               h - ring of poison resistance
MPRegen  0.1/turn               (no ring)

@: no status effects
A: no striking features
a: no special abilities


You were on level 3 of the Dungeon.
You were not hungry.

You visited 1 branch of the dungeon, and saw 3 of its levels.

You collected 74 gold pieces.

Inventory:

Hand Weapons
 a - a +0 spear (weapon)
 q - a +0 bardiche
Missiles
 j - 32 poisoned needles
Armour
 b - a +0 leather armour (worn)
 k - a +2 hat (worn)
 r - a +0 pair of gloves (worn)
 v - a +0 ring mail
Jewellery
 h - a ring of poison resistance (left hand)
Scrolls
 e - a scroll of teleportation
 f - 2 scrolls of remove curse
 g - a scroll of immolation {unknown}
 i - a scroll of amnesia
 p - a scroll of enchant armour {unknown}
Potions
 m - a potion of mutation
 n - a potion of curing
 t - a potion of ambrosia
 u - a potion of flight {unknown}
Books
 c - a book of Battle

   Spells                             Type                      Level
   a - Infusion                       Charms                       1
   b - Shroud of Golubria             Charms/Translocation         2
   c - Song of Slaying                Charms                       2
   d - Spectral Weapon                Hexes/Charms                 3
   e - Regeneration                   Charms/Necromancy            3
Comestibles
 d - 2 bread rations
 l - 5 chunks of flesh
 o - 2 meat rations
 w - 2 fruits


   Skills:
 - Level 2.0 Fighting
 + Level 2.9 Polearms
 - Level 1.0 Armour
 + Level 3.2 Dodging
 - Level 2.0 Spellcasting
 + Level 3.6 Charms
 + Level 1.1 Translocations


You had 4 spell levels left.
You knew the following spells:

 Your Spells              Type           Power        Failure   Level  Hunger
a - Infusion              Chrm           ##..         7%          1    #......
b - Shroud of Golubria    Chrm/Tloc      #.........   17%         2    ###....


Dungeon Overview and Level Annotations

Branches:
Dungeon (3/15)

Altars:

Annotations:
D:3 Ijyb


Message History

Your shroud begins to fray at the edges.
You start resting.
You are no longer magically infusing your attacks.
You start resting.
Your shroud unravels.
You start resting.
Magic restored.
Some of the chunks of flesh in your inventory have rotted away.
Found a robe.
Ijyb the Twisted Goblin comes into view.
She is wielding a club.
Ijyb zaps a wand.
You are blasted!
Ouch! That really hurt!
It is a wand of disintegration (?/24).
Unknown command.
As you read the scroll of fog, it crumbles to dust.
The scroll dissolves into smoke.
Ijyb drinks a potion.
Ijyb suddenly seems more resistant.
Ijyb zaps a wand.
You are blasted!
Ouch! That really hurt!
You die...

.....[......#
.####.#.###.#
#.#.# #.# #
#.# #.# .#.#
#.#
#########§#.#
#.#
.....§§§g...#
#.#
#§#######.#
#@§§......#
###########


You could see Ijyb.

Vanquished Creatures
  3 adders
  2 oozes (D:2)
  A worm (D:2)
  An orc (D:3)
  5 bats
  3 giant cockroaches
  10 goblins
  8 hobgoblins
  5 kobolds
  2 ball pythons
  3 frilled lizards
  10 rats
53 creatures vanquished.

Notes
Turn   | Place    | Note
-------+----------+-------------------------------------------
     0 | D:1      | Mesmaeker13 the Human Skald began the quest for the Orb.
     0 | D:1      | Reached XP level 1. HP: 16/16 MP: 3/3
   123 | D:1      | Reached XP level 2. HP: 18/22 MP: 1/5
   663 | D:1      | Reached XP level 3. HP: 18/27 MP: 6/6
  1021 | D:2      | Learned a level 2 spell: Shroud of Golubria
  1379 | D:2      | Reached XP level 4. HP: 31/33 MP: 0/7
  1683 | D:2      | Reached skill level 1 in Translocations
  2093 | D:3      | Noticed Ijyb
  2095 | D:3      | Blown up by Ijyb

Skill      XL: |  1  2  3  4 |
---------------+-------------+-----
Dodging        | 3 |  3.2
Translocations | 1 |  1.1
Fighting       | |  2.0
Polearms       | |  2.9
Armour         | |  1.0
Spellcasting   | |  2.0
Charms         | |  3.6

Action                   |  1- 3 |  4- 6 || total
-------------------------+-------+-------++-------
Melee: Spear             |   120 |    61 ||   181
 Cast: Infusion          |     5 |     4 ||     9
       Shroud of Golubri |     1 |     3 ||     4
  Use: Scroll            |     1 |     7 ||     8
 Stab: Sleeping          |       |     1 ||     1
  Eat: Chunk             |     2 |     2 ||     4
Armor: Leather armour    |    15 |    19 ||    34
Dodge: Dodged            |    43 |    33 ||    76
